 Dungeon Crawl Stone Soup version 0.30-a0-743-gbfdf073431 (webtiles) character file.

Game seed: 3490635261804346156

473 NinjaNoafa the Conjurer (level 7, 0/50 HPs)
             Began as a Meteoran Conjurer on Feb 6, 2023.
             Slain by an orc
             ... wielding a +0 trident
              (4 damage)
             ... on level 5 of the Dungeon.
             The game lasted 00:07:48 (2031 turns).

NinjaNoafa the Conjurer (Meteoran Conjurer)         Turns: 2031, Time: 00:07:48

Health: 0/50       AC:  3    Str:  8    XL:     7   Next: 58%
Magic:  35/35      EV: 12    Int: 22    God:
Gold:   126        SH:  0    Dex: 13    Spells: 12/18 levels left

rFire   + . .      SeeInvis .    t - staff of air
rCold   + . .      Faith    .    (no shield)
rNeg    . . .      Spirit   .    a - +0 robe
rPois   .          Reflect  .    (no helmet)
rElec   +          Harm     .    p - scarf {rC+ rF+}
rCorr   .          Rampage  .    l - +0 pair of gloves
Will    .....                    (no boots)
Stlth   +                        A - amulet of the acrobat
HPRegen 0.28/turn                v - ring of magical power
MPRegen 0.24/turn                n - ring of magical power

@: glowing
A: sense surroundings 1, otherworldly, glowing, explore regen
a: no special abilities


You were on level 5 of the Dungeon.
You visited 2 branches of the dungeon, and saw 6 of its levels.

You collected 126 gold pieces.

Inventory:

Hand Weapons
 f - a +0 short sword
 z - a +2 rapier of protection
Armour
 a - a +0 robe (worn)
 l - a +0 pair of gloves (worn)
 p - a scarf of resistance (worn)
Magical Staves
 t - a staff of air (weapon)
Jewellery
 i - a ring of positive energy
 n - a ring of magical power (right hand)
 v - a ring of magical power (left hand)
 A - an amulet of the acrobat (around neck)
Wands
 u - a wand of flame (18)
Scrolls
 d - 4 scrolls of teleportation {unknown}
 j - a scroll of poison {unknown}
 k - a scroll of identify {unknown}
 q - a scroll of enchant armour {unknown}
 s - a scroll of vulnerability {unknown}
 y - a scroll of torment {unknown}
Potions
 c - 2 potions of attraction {unknown}
 e - a potion of berserk rage {unknown}
 g - 2 potions of curing {unknown}
 h - 2 potions of mutation {unknown}
 m - a potion of heal wounds {unknown}
 o - 2 potions of lignification {unknown}
 r - a potion of might {unknown}
 w - a potion of brilliance {unknown}
 x - a potion of flight {unknown}


   Skills:
 - Level 2.4 Dodging
 - Level 1.4 Stealth
 + Level 6.1 Spellcasting
 + Level 7.4 Conjurations
 + Level 3.3 Hexes


You had 12 spell levels left.
You knew the following spells:

 Your Spells              Type           Power      Damage    Failure   Level
a - Magic Dart            Conj           100%       1d8       1%          1
b - Searing Ray           Conj           78%        2d7       1%          2
c - Dazzling Flash        Conj/Hex       60%        N/A       3%          3

Your spell library contained the following spells:

 Spells                   Type           Power      Damage    Failure   Level
 Fulminant Prism          Conj/Hex       15%        3d10      10%         4
 Sublimation of Blood     Necr           6%         N/A       14%         2
 Wereblood                Tmut           6%         N/A       14%         2
 Iskenderun's Mystic Bla  Conj/Tloc      23%        2d6       21%         4
 Summon Hydra             Summ           3%         N/A       100%        7


Dungeon Overview and Level Annotations

Branches:
Dungeon (5/15) Zot: 969    Temple (1/1) D:4 Zot: 598

Altars:
Ashenzari
Dithmenos
Elyvilon
Fedhas
Gozag
Kikubaaqudgha
Makhleb
Nemelex Xobeh
Ru
Sif Muna
Uskayaw
Vehumet
Xom
Zin
The Shining One


Innate Abilities, Weirdness & Mutations

You passively map a small area around you.
You are easily found by Zot.
You glow in the dark.
You regain HP and MP as you explore.


Message History

The orc shouts! x3
The orc completely misses you. The orc attacks as you move away!
The orc misses you. The orc hits you with a +0 whip.
The orc closely misses you. The orc attacks as you move away!
The orc completely misses you. The orc hits you with a +0 hand axe.
The orc hits you with a +0 trident.
You hit the orc but do no damage. The orc misses you.
The orc closely misses you. The orc hits you with a +0 trident. x2
The orc hits you with a +0 hand axe.
* * * LOW HITPOINT WARNING * * *
The orc misses you.
Casting: Searing Ray (safe; 1% risk of failure)
Confirm with . or Enter, or press ? or * to list all spells.
Casting: Dazzling Flash (dangerous; 3% risk of failure)
Press: ? - help, Dir - look around, f - activate The orc hits you with a +0 whip.
* * * LOW HITPOINT WARNING * * *
The orc barely misses you. The orc hits you with a +0 hand axe.
* * * LOW HITPOINT WARNING * * *
Casting: Dazzling Flash (dangerous; 3% risk of failure)
Confirm with . or Enter, or press ? or * to list all spells.
Casting: Dazzling Flash (dangerous; 3% risk of failure)
Press: ? - help, Dir - look around, f - activate The orc is dazzled. x2; The orc hits you with a +0 whip.
* * * LOW HITPOINT WARNING * * *
The orc closely misses you. x2
Casting: Dazzling Flash (dangerous; 3% risk of failure)
Confirm with . or Enter, or press ? or * to list all spells.
Aiming: Searing Ray (safe; 1% risk of failure)
Press: ? - help, Shift-Dir - straight line, f - orc
Aim: an orc, wielding a +0 hand axe and wearing a +0 leather armour (blind, 81% to hit)
The searing ray hits the orc.
The orc is almost dead. (Press . to maintain the ray.)
The orc closely misses you. The orc hits you with a +0 trident!
* * * LOW HITPOINT WARNING * * *
The orc closely misses you. Magic courses through your body.
The orc completely misses you. The orc hits you with a +0 trident.
You die...

#...########...###....#
#######...#############
..........#......#
..........#......#
..........#......#
..........#......#
..........#....o.#
..........#...ooo#
##'############o@#
#..............###
#....†.........#
#..............#
#..............#
'..............#
#..............#
#..............#
..##############


You could see 5 orcs.

Vanquished Creatures
  An ogre (D:5)
  A phantom (D:5)
  2 hounds (D:5)
  3 orc wizards
  9 adders
  An ufetubus (D:5)
  2 worms
  2 dart slugs (D:3)
  13 orcs
  5 ball pythons
  4 bats
  9 endoplasms
  A giant cockroach (D:4)
  7 goblins
  6 hobgoblins
  3 jackals (D:1)
  2 quokkas
  3 frilled lizards
  3 kobolds
  3 rats
80 creatures vanquished.

Notes
Turn   | Place    | Note
-------+----------+-------------------------------------------
     0 | D:1      | NinjaNoafa the Meteoran Conjurer began the quest for the
                  | Orb.
     0 | D:1      | Reached XP level 1. HP: 14/14 MP: 5/5
    91 | D:1      | Reached skill level 5 in Conjurations
   102 | D:1      | Reached XP level 2. HP: 19/20 MP: 2/7
   107 | D:1      | Learned a level 2 spell: Searing Ray
   199 | D:1      | Reached XP level 3. HP: 26/26 MP: 3/8
   463 | D:2      | Reached XP level 4. HP: 33/33 MP: 7/10
   722 | D:3      | Reached skill level 6 in Conjurations
   751 | D:3      | Reached XP level 5. HP: 31/38 MP: 4/12
  1064 | D:4      | Found a staircase to the Ecumenical Temple.
  1073 | Temple   | Entered the Ecumenical Temple
  1130 | D:4      | Found a radiant altar of Vehumet.
  1178 | D:4      | Reached skill level 5 in Spellcasting
  1205 | D:4      | Found a shadowy altar of Dithmenos.
  1337 | D:4      | Reached XP level 6. HP: 45/45 MP: 14/14
  1342 | D:4      | Reached skill level 1 in Hexes
  1583 | D:5      | Entered Level 5 of the Dungeon
  1631 | D:5      | Found a glowing silver altar of Zin.
  1636 | D:5      | Learned a level 3 spell: Dazzling Flash
  1673 | D:5      | Reached skill level 7 in Conjurations
  1673 | D:5      | Reached XP level 7. HP: 48/50 MP: 16/16
  2031 | D:5      | Slain by an orc

Illustrated notes

Levels and vault maps discovered:
D:1:      saegor_arrival_simple_b, layout_loops_ring
D:2:      layout_loops_ring
D:3:      layout_loops_ring, chequers_ecumenical_altar_grove, minmay_between
D:4:      layout_gridville, marbit_many_paths, vehumet_altar_wand_db,
          minmay_temple_entry_wispy, grunt_decor_junction, minmay_diced_spiral
D:5:      layout_gridville, kennysheep_mini, st_stairs_9
Temple:   nicolae_temple_no_exploring_needed

Skill      XL: |  1  2  3  4  5  6  7 |
---------------+----------------------+-----
Conjurations   | 5 6 7 |  7.4
Spellcasting   | 3 4 5 6 |  6.1
Hexes          | 2 3 |  3.3
Dodging        | |  2.4
Stealth        | |  1.4

Action                     |  1- 3 |  4- 6 |  7- 9 || total
---------------------------+-------+-------+-------++-------
  Melee: Unarmed           |    15 |       |       ||    15
         Short sword       |       |     9 |       ||     9
         Staff             |       |    10 |    10 ||    20
   Cast: Magic Dart        |    34 |    61 |     1 ||    96
         Searing Ray       |       |    14 |     8 ||    22
         Dazzling Flash    |       |       |     3 ||     3
    Use: Potion            |       |       |     1 ||     1
 Armour: Robe              |     6 |    10 |     3 ||    19
  Dodge: Dodged            |    19 |    42 |    35 ||    96

Table legend: (Time is in decaauts)
 A = Elapsed time spent in this place.
 B = Non-inter-level travel time spent in this place.
 C = Inter-level travel time spent in this place.
 D = Time resting spent in this place.
 E = Time spent auto-exploring this place.
 F = Levels seen in this place.
 G = Mean time per level.
                   A        B        C        D        E       F      G
               +--------+--------+--------+--------+--------+-----+--------+
         Total |   2031 |   1877 |    154 |      0 |    700 |   6 |  338.5 |
       Dungeon |   2029 |   1875 |    154 |      0 |    700 |   5 |  405.8 |
        Temple |      1 |      1 |      0 |      0 |      0 |   1 |    1.0 |
               +--------+--------+--------+--------+--------+-----+--------+

Top non-repeatable levels by time:
     D:4: 634 daAuts
     D:5: 449 daAuts
     D:1: 353 daAuts
     D:3: 331 daAuts
     D:2: 259 daAuts
  Temple: 1 daAuts
